[Event "Team 45 45 League T33"]
[Site "Internet Chess Club"]
[Date "2007.05.07"]
[Round "3"]
[White "baumhauer"]
[Black "Vael"]
[Result "0-1"]
[WhiteElo "1983"]
[BlackElo "1965"]
[ECO "A80"]
[TimeControl "2700+45"]

1. d4 f5 2. Nf3 Nf6 3. g3 d6 4. Bg2 g6 5. O-O Bg7 6. Nbd2 Nc6 7. Nc4 e6 8. c3
O-O 9. Bg5 Qe8 10. Ne1 Ne4 11. Be3 e5 12. f3 exd4 13. Bxd4 Nxd4 14. cxd4 Nf6 15.
Nc2 Be6 16. Qd3 Qb5 17. b3 Rae8 18. a4 Qd7 19. Rad1 Nd5 20. e4 fxe4 21. fxe4 Nb6
22. Nxb6 axb6 23. Ne3 Rxf1+ 24. Rxf1 Qd8 25. d5 Bd7 26. Nc2 Qg5 27. Nd4 c5 28.
Ne2 Qe5 29. Nf4 Qd4+ 30. Qxd4 Bxd4+ 31. Kh1 b5 32. axb5 Bxb5 33. Rd1 Bd7 34. Bf3
Kg7 35. h4 Kf6 36. Kg2 Ra8 37. g4 Ra2+ 38. Kg3 Bf2+ 39. Kh3 Rb2 40. Rf1 Bb5 41.
Ra1 Rxb3 42. Kg2 Bxh4 43. Ra8 Rb2+ 44. Kh3 Be1 45. g5+ Kf7 46. Rc8 Bd7+ {White
resigns} 0-1

[Event "Team 45 45 League T33"]
[Site "Internet Chess Club"]
[Date "2007.05.06"]
[Round "3"]
[White "shijith"]
[Black "bbbad"]
[Result "1-0"]
[WhiteElo "1783"]
[BlackElo "1604"]
[ECO "A79"]
[TimeControl "2700+45"]

1. d4 Nf6 2. c4 c5 3. d5 e6 4. Nc3 exd5 5. cxd5 d6 6. Nf3 g6 7. e4 Bg7 8. Be2
O-O 9. O-O Re8 10. Nd2 Na6 11. f3 Nc7 12. Nb3 Bd7 13. Bf4 Bc8 14. Qd2 a6 15.
Rac1 Nh5 16. Bg5 f6 17. Bh6 b5 18. Bxg7 Kxg7 19. g4 Re5 20. gxh5 Rxh5 21. f4 Rh4
22. Na5 b4 23. Na4 Nb5 24. Nc6 Qd7 25. Nb6 Qh3 26. Bxb5 axb5 27. Nxa8 Rg4+ 28.
Kh1 Rg3 29. Qf2 Re3 30. Rce1 Rd3 31. Nc7 Bg4 32. Ne8+ Kf7 33. Nxd6+ Kf8 34. Nxb5
Bf3+ 35. Kg1 Qg4+ 36. Qg3 {Black resigns} 1-0

[Event "Team 45 45 League T33"]
[Site "Internet Chess Club"]
[Date "2007.05.06"]
[Round "3"]
[White "EdBorowski"]
[Black "azbycx"]
[Result "1-0"]
[WhiteElo "1955"]
[BlackElo "1966"]
[ECO "A47"]
[TimeControl "2700+45"]

1. d4 Nf6 2. Nf3 b6 3. Bf4 Bb7 4. e3 e6 5. Nbd2 Be7 6. Bd3 O-O 7. c3 d6 8. Qe2
c5 9. O-O Nbd7 10. Rad1 Rc8 11. Rfe1 d5 12. Ne5 Ne4 13. Nxe4 dxe4 14. Bb5 Nxe5
15. dxe5 Bd5 16. c4 Bxc4 17. Qxc4 {Black resigns} 1-0

[Event "Team 45 45 League T33"]
[Site "Internet Chess Club"]
[Date "2007.05.07"]
[Round "3"]
[White "Icebreaker"]
[Black "Flying-Tiger"]
[Result "1/2-1/2"]
[WhiteElo "1772"]
[BlackElo "1900"]
[ECO "B27"]
[TimeControl "2700+45"]

1. e4 c5 2. Nf3 g6 3. d4 c4 4. Bxc4 Bg7 5. Nc3 d6 6. O-O Nf6 7. Bg5 O-O 8. Qe2
Nc6 9. Rad1 Bg4 10. e5 Bxf3 11. gxf3 Nh5 12. exd6 Qa5 13. Bxe7 Nxe7 14. Qxe7
Rad8 15. Ne4 Qf5 16. Rd3 Nf4 17. Rb3 Nh3+ 18. Kh1 Bxd4 19. Qxb7 Rb8 20. Qxb8
Rxb8 21. Rxb8+ Kg7 22. Be2 Nf4 23. Bc4 Nh3 24. Kg2 Nf4+ 25. Kh1 Nh3 {Game drawn
by repetition} 1/2-1/2

This game is ruled a forfeit game in favor of black. (lesser blame in scheduling)  - : +

[Event "Team 45 45 League T33"]
[Site "Internet Chess Club"]
[Date "2007.05.05"]
[Round "3"]
[White "alexcolins"]
[Black "Creb"]
[Result "0-1"]
[WhiteElo "1889"]
[BlackElo "1792"]
[ECO "A40"]
[TimeControl "2700+45"]

1. d4 e6 2. Nf3 f5 3. Bg5 Nf6 4. Nbd2 Be7 5. Bxf6 Bxf6 6. e4 fxe4 7. Nxe4 Be7 8.
Bd3 O-O 9. O-O d5 10. Ned2 Nd7 11. Re1 Nf6 12. Ne5 Bd6 13. f4 Qe8 14. Re3 Bxe5
15. fxe5 Nh5 16. Rh3 g6 17. g3 Bd7 18. Qg4 Kh8 19. Qg5 Bb5 20. c4 dxc4 21. Nxc4
Rd8 22. g4 Nf4 23. Qh4 Nxh3+ 24. Qxh3 Rxd4 25. b3 Bxc4 26. bxc4 Rdf4 27. Rf1
Rxf1+ 28. Bxf1 Qf7 29. Bg2 Qf2+ 30. Kh1 Qe1+ 31. Bf1 Qxf1+ 32. Qxf1 Rxf1+ 33.
Kg2 Ra1 {White resigns} 0-1

[Event "Team 45 45 League T33"]
[Site "Internet Chess Club"]
[Date "2007.05.04"]
[Round "3"]
[White "Kinglord"]
[Black "Badu"]
[Result "1-0"]
[WhiteElo "1663"]
[BlackElo "1861"]
[ECO "B33"]
[TimeControl "2700+45"]

1. e4 c5 2. Nf3 Nc6 3. d4 cxd4 4. Nxd4 Nf6 5. Nc3 e5 6. Ndb5 d6 7. Bg5 a6 8. Na3
b5 9. Nd5 Be7 10. Nxf6+ Bxf6 11. Bxf6 Qxf6 12. c3 Bb7 13. Qd2 Ne7 14. f3 d5 15.
O-O-O O-O 16. Bd3 Rfc8 17. Kb1 Qe6 18. Rhe1 Rd8 19. Qe2 f6 20. Nc2 Qb6 21. Qe3
Qa5 22. Nb4 d4 23. Qd2 dxc3 24. Qxc3 Rac8 25. Qb3+ Kh8 26. Rc1 Nc6 27. Nxc6 Rxc6
28. Red1 Rxc1+ 29. Rxc1 Qd2 30. Rc7 Rxd3 31. Qf7 {Black resigns} 1-0

[Event "Team 45 45 League T33"]
[Site "Internet Chess Club"]
[Date "2007.05.06"]
[Round "3"]
[White "Chess2Play"]
[Black "Kasparklunk"]
[Result "1-0"]
[WhiteElo "1668"]
[BlackElo "1447"]
[ECO "D20"]
[TimeControl "2700+45"]

1. d4 d5 2. c4 dxc4 3. e3 Nf6 4. Bxc4 e6 5. a3 c5 6. Nf3 a6 7. Nc3 Nc6 8. O-O
cxd4 9. exd4 Be7 10. d5 exd5 11. Nxd5 Nxd5 12. Bxd5 Bd7 13. Re1 O-O 14. Qb3 b5
15. Bf4 Rc8 16. Rad1 Na5 17. Qe3 Re8 18. Ne5 Bc5 19. Bxf7+ Kh8 20. Qd2 Re7 21.
b4 Qf8 22. bxc5 Rxf7 23. Nxf7+ Qxf7 24. Qxd7 Qxd7 25. Rxd7 Nc4 {Black resigns}
1-0

[Event "Team 45 45 League T33"]
[Site "Internet Chess Club"]
[Date "2007.05.05"]
[Round "3"]
[White "Mutaant"]
[Black "walleye"]
[Result "1/2-1/2"]
[WhiteElo "1461"]
[BlackElo "1458"]
[ECO "C50"]
[TimeControl "2700+45"]

1. e4 e5 2. Nf3 Nc6 3. Bc4 Bc5 4. d3 Nf6 5. Bg5 h6 6. Bh4 g5 7. Bg3 d6 8. h3 Nh5
9. Nxe5 Nxe5 10. Bxe5 dxe5 11. Qxh5 Qf6 12. O-O Be6 13. Nd2 O-O-O 14. a3 Bd4 15.
Rab1 Rd6 16. Bxe6+ Qxe6 17. Nc4 Rc6 18. c3 Bc5 19. b4 Be7 20. b5 Rc5 21. a4 f6
22. Qg6 c6 23. Rb3 cxb5 24. Rxb5 Rxb5 25. axb5 Qd7 26. Qf5 Qxf5 27. exf5 Rd8 28.
Rd1 Bc5 29. Na5 e4 30. Nb3 Rxd3 31. Rxd3 exd3 32. Kf1 Bb6 33. f3 Be3 34. Ke1 Kd7
35. Kd1 Kd6 36. Na5 Kc5 37. Nxb7+ Kc4 38. Nd6+ Kxc3 39. Ne4+ Kc4 40. Nxf6 Kxb5
41. Nd5 Bc5 42. Kd2 Kc4 43. Nf6 a5 44. Nd7 Bb4+ 45. Kd1 a4 46. Nb6+ Kb3 47. Nxa4
Kxa4 48. f6 Kb3 49. f7 Kc3 50. g3 Kd4 51. f4 gxf4 52. gxf4 Ke3 53. f5 Kf4 54. f6
Kg3 55. f8=Q Bxf8 56. Kd2 Kxh3 57. Kxd3 Kg4 58. Ke4 Kg5 59. Ke5 Kg6 60. Kf4 Kxf6
61. Kg4 Kg6 62. Kh4 Be7+ 63. Kh3 Kg5 64. Kg3 Bd6+ 65. Kh3 Bc7 66. Kg2 Kg4 67.
Kg1 Kg3 68. Kh1 h5 69. Kg1 h4 70. Kh1 Kf2 {White stalemated} 1/2-1/2

[Event "Team 45 45 League T33"]
[Site "Internet Chess Club"]
[Date "2007.05.11"]
[Round "3"]
[White "Toalla"]
[Black "chessterbaggins"]
[Result "1-0"]
[WhiteElo "1420"]
[BlackElo "1393"]
[ECO "A13"]
[TimeControl "2700+45"]

1. Nf3 e6 2. c4 Nf6 3. g3 d5 4. Bg2 dxc4 5. O-O c6 6. a3 Nbd7 7. e3 Nc5 8. Nd4
Be7 9. Nxc6 Qc7 10. Nd4 e5 11. b4 cxb3 12. Nxb3 Nxb3 13. Qxb3 O-O 14. Nc3 Rb8
15. Bb2 a6 16. Rac1 Qd8 17. Nd5 Be6 18. Nxe7+ Qxe7 19. Qb4 Qd7 20. Bxe5 Rbc8 21.
Bxf6 gxf6 22. Bxb7 Rb8 23. Bc6 Qd8 24. Qh4 Bf5 25. Be4 Bg6 26. Bxg6 fxg6 27.
Qc4+ Kg7 28. d4 a5 29. Qc7+ Rf7 30. Qxd8 Rxd8 31. Rc4 h5 32. Rfc1 f5 33. Rc7
Rxc7 34. Rxc7+ Kf6 35. Kf1 Kg5 36. f3 Rd5 37. Rc5 Rd8 38. Rxa5 h4 39. Ke2 h3 40.
Kd3 Rb8 41. Kc2 Rc8+ 42. Rc5 Ra8 43. Kb3 Rb8+ 44. Kc2 Ra8 45. Rc3 Kh5 46. d5 g5
47. d6 Rd8 48. Rc6 Kg6 49. a4 Kf7 50. Kc3 Ke8 51. Kd4 Kd7 52. Rc5 Kxd6 53. Rxf5
Ra8 54. a5 Ke6 55. Rxg5 Kf6 56. Rh5 Kg6 57. g4 Rc8 58. Rc5 Ra8 59. e4 Kf6 60.
g5+ Kg6 61. f4 Rf8 62. Rc6+ Kh5 63. a6 Ra8 64. g6 Kh6 65. f5 Rd8+ 66. Ke3 Ra8
67. Kf3 Ra7 68. Kg3 Kg7 69. Kxh3 Kh6 70. Kg4 Kg7 71. h4 Kh6 72. h5 Kg7 73. Kg5
Kg8 74. Kh6 Ra8 75. f6 Kf8 76. e5 Kg8 77. g7 Kf7 78. e6+ Kxf6 79. Kh7 Ke7 80.
g8=Q Rxa6 81. Qf7+ {Black resigns} 1-0

[Event "Team 45 45 League T33"]
[Site "Internet Chess Club"]
[Date "2007.05.07"]
[Round "3"]
[White "lmadueno"]
[Black "mickeys"]
[Result "0-1"]
[WhiteElo "1598"]
[BlackElo "1678"]
[ECO "C00"]
[TimeControl "2700+45"]

1. e4 e6 2. Nf3 d5 3. exd5 exd5 4. d3 Nf6 5. Bd2 Bd6 6. Be2 O-O 7. Nc3 Bd7 8.
O-O c5 9. Bg5 Bc6 10. a3 Nbd7 11. a4 a6 12. Nh4 Qc7 13. h3 Rfe8 14. Nf5 Bf8 15.
Qd2 d4 16. Nd1 Qe5 17. Ng3 Nb6 18. b3 Nbd5 19. Bf3 Qd6 20. Nb2 b5 21. axb5 axb5
22. Nf5 Qd7 23. Ng3 Bd6 24. Ne4 Nxe4 25. Bxe4 Nc3 26. Bxc6 Qxc6 27. Rxa8 Qxa8
28. Nd1 Nd5 29. c4 dxc3 30. Nxc3 Qa5 31. Rc1 Nxc3 32. Rxc3 Qa1+ 33. Rc1 Qe5 34.
f4 Qd4+ 35. Kh1 f6 36. Re1 Rxe1+ 37. Qxe1 Kf7 38. Bh4 Qxf4 39. Kg1 Qd4+ 40. Bf2
Qxd3 41. Qa1 Qxb3 42. Qa7+ Kg6 43. Bxc5 Qb1+ 44. Kf2 Qc2+ 45. Kf1 Bxc5 {White
resigns} 0-1

[Event "Team 45 45 League T33"]
[Site "Internet Chess Club"]
[Date "2007.05.05"]
[Round "3"]
[White "GrandPoobah069"]
[Black "stakastra"]
[Result "1-0"]
[WhiteElo "1652"]
[BlackElo "1592"]
[ECO "B22"]
[TimeControl "2700+45"]

1. e4 c5 2. c3 e5 3. Nf3 Nc6 4. Bc4 d6 5. O-O Bg4 6. d3 h6 7. Be3 Nf6 8. Nbd2
Be7 9. Qb3 O-O 10. d4 Na5 11. Qc2 Nxc4 12. Nxc4 Bxf3 13. gxf3 exd4 14. cxd4 cxd4
15. Bxd4 Rc8 16. Qd3 Nh7 17. Ne3 b6 18. Kh1 Bf6 19. Nf5 Bxd4 20. Qxd4 Qf6 21.
Qxd6 Kh8 22. Qxf6 Nxf6 23. Rg1 Nh5 24. Rac1 Kh7 25. h4 g6 26. Ne7 Rce8 27. Nd5
Rc8 28. Rgd1 Kg7 29. Kg2 Nf6 30. Nf4 h5 31. Nh3 Rxc1 32. Rxc1 Rd8 33. Rc2 Rd7
34. Kf1 Rd1+ 35. Kg2 Rd7 36. Ng1 Ne8 37. Ne2 Nc7 38. Nc3 Ne6 39. Kg3 Rd3 40. Ne2
g5 41. hxg5 Nxg5 42. Rc3 Nxe4+ 43. Kg2 Nxc3 44. Nxc3 Rd2 45. b3 Rc2 46. Ne4 Rxa2
47. Nd6 Rb2 48. Nc8 Rxb3 49. Nxa7 b5 50. Kg3 b4 51. Nc6 Kg6 52. Kh4 Rxf3 53.
Ne5+ Kf5 54. Nxf3 b3 55. Kxh5 b2 56. Nd2 Kf4 57. Kh4 f5 58. Kh3 Ke5 59. Nc4+ Ke4
60. Nxb2 f4 61. Kg2 Kf5 62. Kf3 Ke5 63. Nd3+ Kf5 64. Nxf4 {Black resigns} 1-0

[Event "Team 45 45 League T33"]
[Site "Internet Chess Club"]
[Date "2007.05.05"]
[Round "3"]
[White "AntonioMendonca"]
[Black "IronWill"]
[Result "1-0"]
[WhiteElo "1618"]
[BlackElo "1479"]
[ECO "A16"]
[TimeControl "2700+45"]

1. c4 Nf6 2. Nc3 g6 3. g3 Bg7 4. Bg2 O-O 5. Nf3 d6 6. O-O Nbd7 7. d3 c5 8. Rb1
Qc7 9. Ne1 a6 10. a4 Rb8 11. Nc2 b5 12. axb5 axb5 13. Nxb5 Qb6 14. Ne3 Ba6 15.
Nc3 Nh5 16. Na4 Qa7 17. Nd5 e6 18. Ne7+ Kh8 19. Nc6 Qc7 20. Nxb8 Rxb8 21. Qc2
Qa5 22. Bd2 Qc7 23. b3 Ne5 24. Nc3 Nc6 25. Ne4 Nd4 26. Qd1 Qb6 27. Bc3 f5 28.
Ng5 Nxe2+ 29. Qxe2 Bxc3 30. Qxe6 Kg7 31. h4 Bf6 32. Qf7+ Kh6 33. Qxh7# {Black
checkmated} 1-0

[Event "Team 45 45 League T33"]
[Site "Internet Chess Club"]
[Date "2007.05.06"]
[Round "3"]
[White "Russ"]
[Black "Bastet"]
[Result "0-1"]
[WhiteElo "1249"]
[BlackElo "1437"]
[ECO "A01"]
[TimeControl "2700+45"]

1. b3 e5 2. Bb2 Nc6 3. e3 d5 4. Bb5 Bd6 5. Nf3 Qe7 6. c4 dxc4 7. bxc4 Bd7 8. c5
Bxc5 9. Qc2 Bd6 10. Bxc6 Bxc6 11. e4 f6 12. O-O Qd7 13. Nc3 Ne7 14. d4 exd4 15.
Nxd4 O-O 16. Nxc6 Nxc6 17. Qb3+ Kh8 18. Qa4 Qg4 19. h3 Qf4 20. g3 Qh6 21. Kg2 f5
22. Rae1 f4 23. g4 f3+ 24. Kg1 Qxh3 {White resigns} 0-1

[Event "Team 45 45 League T33"]
[Site "Internet Chess Club"]
[Date "2007.05.07"]
[Round "3"]
[White "searchforbobby1"]
[Black "KingDestroyer"]
[Result "0-1"]
[WhiteElo "2117"]
[BlackElo "2148"]
[ECO "C13"]
[TimeControl "2700+45"]

1. e4 e6 2. d4 d5 3. Nc3 Nf6 4. Bg5 Be7 5. e5 Nfd7 6. h4 Bxg5 7. hxg5 Qxg5 8.
Nh3 Qe7 9. Qg4 f5 10. Qg3 a6 11. O-O-O Nf8 12. Nf4 Qf7 13. Be2 g6 14. Rh6 b6 15.
Rdh1 Bb7 16. Nh3 Nc6 17. Ng5 Qg7 18. Qe3 O-O-O 19. f4 Re8 20. a3 Nd8 21. g4 Nf7
22. Nxf7 Qxf7 23. g5 Nd7 24. Na2 c5 25. c3 Kb8 26. Kb1 Reg8 27. Bd3 Rg7 28. Qe2
Ka7 29. Qh2 Qe7 30. Ka1 Nb8 31. Qf2 Nc6 32. Nc1 c4 33. Bc2 b5 34. Na2 a5 35. Qd2
Ba6 36. R6h3 Rb8 37. Bd1 Rb7 38. R1h2 Kb8 39. Rh1 Kc8 40. Bc2 Kd8 41. Kb1 Ke8
42. Kc1 Kf8 43. Kd1 Kg8 44. Ke1 Rf7 45. R1h2 Qd8 46. Bd1 Qb8 47. Nc1 b4 48. axb4
axb4 49. Ba4 Bb5 50. Bd1 Qa7 51. cxb4 Nxd4 52. Ra3 Qb6 53. Ra8+ Rf8 54. Rxf8+
Kxf8 55. Qf2 Be8 56. Na2 Kg8 57. Nc3 Nc6 58. Ba4 d4 59. Bxc6 Bxc6 60. Na2 Ra7
61. Nc1 Qxb4+ 62. Qd2 Qc5 63. Rh3 Be4 64. Ra3 Rxa3 65. bxa3 d3 66. Ne2 Bd5 67.
Qb2 dxe2 68. Qb8+ Kg7 69. Qd8 Qxa3 70. Qf6+ Kg8 71. Qd8+ Qf8 72. Qa5 Qb8 73.
Kxe2 Qb2+ 74. Ke3 Qc1+ 75. Ke2 Qc2+ 76. Ke1 Qe4+ 77. Kd1 Qd3+ 78. Kc1 Be4 79.
Qa4 Qc3+ {White resigns} 0-1

[Event "Team 45 45 League T33"]
[Site "Internet Chess Club"]
[Date "2007.05.05"]
[Round "3"]
[White "HocusPocus"]
[Black "Burning-Bush"]
[Result "1-0"]
[WhiteElo "2078"]
[BlackElo "2003"]
[ECO "B23"]
[TimeControl "2700+45"]

1. e4 c5 2. Nc3 Nc6 3. f4 g6 4. Nf3 Bg7 5. Bb5 Nd4 6. O-O Nxb5 7. Nxb5 a6 8. Nc3
b5 9. d3 d6 10. Qe1 e6 11. Rb1 Ne7 12. Qf2 Qa5 13. Bd2 b4 14. Ne2 Qxa2 15. c3
Qb3 16. Rfd1 Bb7 17. cxb4 cxb4 18. Qb6 Rb8 19. Qxd6 Nc6 20. Ned4 Qxd3 21. Be1
Bxd4+ 22. Nxd4 Qe3+ 23. Bf2 Qxe4 24. Nxc6 Qxc6 25. Qxb8+ Ke7 26. Bh4+ f6 27.
Bxf6+ Kf7 28. Rd7+ Qxd7 29. Qxh8 e5 30. Qg7+ Ke6 31. Qxd7+ Kxd7 32. fxe5 {Black
resigns} 1-0

[Event "Team 45 45 League T33"]
[Site "Internet Chess Club"]
[Date "2007.05.06"]
[Round "3"]
[White "spacecadet"]
[Black "upturnedcircle"]
[Result "1-0"]
[WhiteElo "1995"]
[BlackElo "1999"]
[ECO "C05"]
[TimeControl "2700+45"]

1. e4 e6 2. d4 d5 3. Nd2 Nf6 4. e5 Nfd7 5. f4 c5 6. c3 Nc6 7. Ndf3 Qb6 8. Ne2 f6
9. exf6 Nxf6 10. a3 cxd4 11. cxd4 Bd6 12. g3 O-O 13. Nc3 Kh8 14. Bh3 Bd7 15. O-O
Nxd4 16. Nxd4 Bc5 17. Be3 e5 18. fxe5 Bxh3 19. Na4 Qc7 20. Nxc5 Qxe5 21. Re1 Ne4
22. Nxe4 Qxe4 23. Qd2 Rac8 24. Bf4 Qg6 25. Rac1 Rc4 26. Rxc4 dxc4 27. Qe3 Qb6
28. b4 cxb3 29. Nxb3 Qc6 30. Qe4 Qb6+ 31. Nd4 Qb2 32. Nc2 Qb6+ 33. Qd4 Qc6 34.
Re2 Qb5 35. Qe5 Qb1+ 36. Ne1 Qb6+ 37. Qe3 Qc6 38. Rf2 Re8 39. Be5 Qa6 40. Bxg7+
Kxg7 41. Qxe8 {Black resigns} 1-0

[Event "Team 45 45 League T33"]
[Site "Internet Chess Club"]
[Date "2007.05.07"]
[Round "3"]
[White "Sailor"]
[Black "PublisherKing"]
[Result "0-1"]
[WhiteElo "1873"]
[BlackElo "1862"]
[ECO "B12"]
[TimeControl "2700+45"]

1. e4 c6 2. d4 d6 3. Nc3 Qc7 4. Nf3 e5 5. Be3 Bg4 6. Be2 Nf6 7. Qd2 Nbd7 8. O-O
Be7 9. Rfd1 O-O 10. h3 Bh5 11. Nh2 Bg6 12. Bd3 exd4 13. Bxd4 Ne5 14. Be3 Rfd8
15. f4 Nxd3 16. cxd3 d5 17. Qf2 dxe4 18. Bxa7 Rxd3 19. f5 Bxf5 20. Rxd3 exd3 21.
Qxf5 Rxa7 22. Qxd3 Qb6+ 23. Kf1 Qxb2 24. Re1 Qa3 25. Ng4 Nxg4 {White resigns}
0-1

[Event "Team 45 45 League T33"]
[Site "Internet Chess Club"]
[Date "2007.05.04"]
[Round "3"]
[White "PurdyInSydney"]
[Black "reinaroja"]
[Result "1-0"]
[WhiteElo "2092"]
[BlackElo "2180"]
[ECO "D31"]
[TimeControl "2700+45"]

1. d4 d5 2. c4 e6 3. Nc3 c6 4. Nf3 dxc4 5. Bg5 f6 6. e4 fxg5 7. Bxc4 g4 8. Ne5
Nf6 9. Nxg4 Bb4 10. Nxf6+ Qxf6 11. O-O Bxc3 12. bxc3 O-O 13. f4 Kh8 14. Rf3 Qe7
15. e5 Bd7 16. Qb1 Be8 17. Bd3 g6 18. c4 Bf7 19. Be4 Rd8 20. Qb2 Na6 21. Rd1 Rd7
22. Rfd3 Kg8 23. a3 Qd8 24. Qd2 Rc8 25. Qb2 c5 26. d5 exd5 27. f5 dxe4 28. Rxd7
Qb6 29. Qd2 gxf5 30. Rxf7 {Black resigns} 1-0

[Event "Team 45 45 League T33"]
[Site "Internet Chess Club"]
[Date "2007.05.05"]
[Round "3"]
[White "Klampin"]
[Black "Sicilianaire"]
[Result "1-0"]
[WhiteElo "1984"]
[BlackElo "1994"]
[ECO "D02"]
[TimeControl "2700+45"]

1. d4 d5 2. Nf3 Nf6 3. Bf4 c5 4. e3 Nc6 5. Nbd2 Bg4 6. Be2 e6 7. O-O Be7 8. h3
Bxf3 9. Nxf3 Qb6 10. Rb1 O-O 11. c3 Rac8 12. Bd3 Qa5 13. a3 b5 14. dxc5 Nd7 15.
Qc2 e5 16. Bxh7+ Kh8 17. Bf5 Nxc5 18. Nxe5 Rc7 19. b4 Qxa3 20. Ra1 Nxb4 21. Qd1
{Black resigns} 1-0

[Event "Team 45 45 League T33"]
[Site "Internet Chess Club"]
[Date "2007.05.05"]
[Round "3"]
[White "JaiHanuman"]
[Black "AlexeiD"]
[Result "0-1"]
[WhiteElo "1975"]
[BlackElo "2032"]
[ECO "B24"]
[TimeControl "2700+45"]

1. e4 c5 2. Nc3 Nc6 3. g3 g6 4. Bg2 Bg7 5. Nge2 d6 6. d3 e6 7. O-O Nge7 8. a3
O-O 9. Rb1 a6 10. Bd2 b5 11. Qc1 b4 12. axb4 cxb4 13. Na4 Rb8 14. b3 Qc7 15. c4
bxc3 16. Bxc3 e5 17. Bd2 Be6 18. b4 f5 19. Qc2 Rfc8 20. Rfc1 Qd7 21. Qd1 Rc7 22.
Bg5 Nxb4 23. Rxc7 Qxc7 24. Qd2 a5 25. Rc1 Qd7 26. Nac3 Nec6 27. Nd5 Qf7 28. Kh1
a4 29. Ra1 Nxd5 30. exd5 Bxd5 31. Rxa4 Rb1+ 32. Nc1 Nd4 33. Qa5 Bxg2+ 34. Kxg2
Rb8 35. Rc4 Qb7+ 36. Kh3 Nf3 37. Be3 Ng1+ 38. Kh4 Bf6+ 39. Bg5 Nf3+ 40. Kh3
Nxg5+ 41. Kh4 Qg2 42. Qd5+ Qxd5 {White resigns} 0-1

[Event "Team 45 45 League T33"]
[Site "Internet Chess Club"]
[Date "2007.05.05"]
[Round "3"]
[White "RingLord"]
[Black "supernova"]
[Result "1/2-1/2"]
[WhiteElo "1734"]
[BlackElo "1827"]
[ECO "C28"]
[TimeControl "2700+45"]

1. e4 e5 2. Nc3 Nf6 3. Bc4 Nc6 4. d3 h6 5. a3 Bc5 6. f4 d6 7. Nf3 Ng4 8. Na4 Nf2
9. Qe2 Nxh1 10. Nxc5 dxc5 11. Qf1 Nd4 12. Kd1 Bg4 13. Qxh1 Qh4 14. c3 Nc6 15.
Kc2 Bxf3 16. gxf3 exf4 17. Qg2 g6 18. Bd5 Qf6 19. Qg4 g5 20. Qh5 Rh7 21. Bd2
O-O-O 22. Rg1 Ne5 23. h4 Rg7 24. hxg5 Rxg5 25. Rxg5 Qxg5 26. Qh2 Qg3 27. Bxf4
Qxh2+ 28. Bxh2 Nxf3 29. Bf4 h5 30. Bxf7 h4 31. Be6+ Kb8 32. Kd1 Rf8 33. Be3 Rh8
34. Bh3 Rg8 35. Ke2 Ng1+ 36. Bxg1 Rxg1 37. Kf2 Rb1 38. b4 cxb4 39. axb4 Rb3 40.
e5 Rb2+ 41. Ke3 Rh2 42. Bf5 Rg2 43. e6 Rg7 44. Kf4 Re7 45. Kg4 c6 46. Kxh4 Kc7
47. Kg5 Kd6 48. Kf6 b6 49. c4 {Game drawn by mutual agreement} 1/2-1/2

[Event "Team 45 45 League T33"]
[Site "Internet Chess Club"]
[Date "2007.05.04"]
[Round "3"]
[White "Visin"]
[Black "sfckerry"]
[Result "1-0"]
[WhiteElo "1349"]
[BlackElo "1310"]
[ECO "C47"]
[TimeControl "2700+45"]

1. e4 e5 2. Nf3 Nc6 3. Nc3 Nf6 4. d3 Bc5 5. Bg5 h6 6. Bh4 g5 7. Bg3 d6 8. h3 Be6
9. Na4 Nd7 10. c3 b5 11. Nxc5 Nxc5 12. b4 Nd7 13. d4 exd4 14. Nxd4 Nxd4 15. Qxd4
f6 16. Bxb5 O-O 17. O-O a6 18. Bd3 Ne5 19. Rfe1 Bxh3 20. Bxe5 fxe5 21. Qd5+ Rf7
22. gxh3 Kg7 23. Be2 Qf8 24. Rf1 Rf4 25. Rad1 Qc8 26. Rd3 Rb8 27. a3 Qd7 28. Rf3
Rbf8 29. Rxf4 Rxf4 30. Qd3 Rh4 31. Bg4 Qf7 32. Qxa6 h5 33. Bf5 g4 34. hxg4 hxg4
35. Qd3 Qh5 36. Qg3 Kf6 37. a4 Rh3 38. Qg2 Rxc3 39. Bxg4 Qg5 40. Rb1 Rc1+ 41.
Rxc1 Qxc1+ 42. Kh2 Qa3 43. Qf3+ Qxf3 44. Bxf3 Ke7 45. Bg4 Kd8 46. Kg3 c6 47. f4
Kc7 48. fxe5 dxe5 49. Be2 Kb6 50. Kg4 Kc7 51. Kf5 Kd6 52. a5 c5 53. bxc5+ Kxc5
54. Kxe5 {Black resigns} 1-0

[Event "Team 45 45 League T33"]
[Site "Internet Chess Club"]
[Date "2007.05.04"]
[Round "3"]
[White "valjean"]
[Black "chips"]
[Result "1/2-1/2"]
[WhiteElo "1219"]
[BlackElo "1231"]
[ECO "B00"]
[TimeControl "2700+45"]

1. e4 b6 2. Nf3 Bb7 3. Nc3 e6 4. Bc4 a5 5. O-O d6 6. d3 Nf6 7. Bg5 Nbd7 8. Re1
Be7 9. Qd2 Ba6 10. Bxa6 Rxa6 11. d4 O-O 12. e5 dxe5 13. dxe5 Ne8 14. a4 f6 15.
exf6 Bxf6 16. Rxe6 Nc5 17. Re2 Qxd2 18. Rxd2 Bxc3 19. bxc3 Ne4 20. Rd7 c5 21. c4
N8d6 22. Rd1 Nxg5 23. R1xd6 Nxf3+ 24. gxf3 Raa8 25. Kg2 Rab8 26. Kg3 Rf7 27.
Rd8+ Rf8 28. Rxf8+ Kxf8 29. Rd5 Ke7 30. f4 g6 31. h4 Ke6 32. Re5+ Kf7 33. Kg4
Rb7 34. Re1 Rd7 35. Rb1 Rd6 36. h5 Kg7 37. Re1 Kh6 38. Re5 Rd2 39. f5 Rxf2 40.
fxg6 hxg6 41. hxg6 Rg2+ 42. Kf5 Rxg6 43. Re6 Rxe6 44. Kxe6 Kg5 45. Kd6 Kf4 46.
Kc6 Ke3 47. Kxb6 Kd2 48. Kxa5 Kxc2 49. Kb5 Kb3 50. Kxc5 Kxa4 51. Kd4 Ka5 52. c5
Ka6 53. Kd5 Kb7 54. c6+ Kc8 55. Kd6 Kb8 56. c7+ Kc8 57. Kc6 {Black stalemated}
1/2-1/2

[Event "Team 45 45 League T33"]
[Site "Internet Chess Club"]
[Date "2007.05.07"]
[Round "3"]
[White "CoasterBrake"]
[Black "WCB"]
[Result "1-0"]
[WhiteElo "1112"]
[BlackElo "1073"]
[ECO "A22"]
[TimeControl "2700+45"]

1. c4 e5 2. Nc3 Nf6 3. g3 Bc5 4. Bg2 d6 5. d3 Be6 6. Bxb7 Nbd7 7. Bxa8 Qxa8 8.
Nf3 O-O 9. Bg5 d5 10. cxd5 Bxd5 11. Nxd5 Qxd5 12. Bxf6 Bb4+ 13. Kf1 Nxf6 14. Qb3
Rb8 15. Qxd5 Nxd5 16. Nxe5 Bd6 17. Nc4 Bc5 18. Kg2 h6 19. e4 Nb6 20. Nxb6 Rxb6
21. Rac1 Bd6 22. b3 Rb7 23. Rc6 Ba3 24. d4 Kh7 25. d5 a5 26. e5 Be7 27. Rhc1 Ba3
28. R1c2 Rb5 29. e6 f6 30. Rxc7 Rxd5 31. e7 Bxe7 32. Rxe7 Rd4 33. Ra7 Rd5 34.
Rb2 h5 35. b4 axb4 36. Rxb4 Kg6 37. a4 f5 38. a5 Rd1 39. Ra4 Kg5 40. Rxg7+ Kf6
41. Rc7 Kg5 42. a6 Rd8 43. h3 f4 44. a7 f3+ 45. Kxf3 Kf5 46. Rb7 h4 47. Rb8 Rd3+
48. Kg2 hxg3 49. a8=Q gxf2 50. Rf8+ Ke5 51. Qe4+ Kd6 52. Qxd3+ Kc5 53. Rf5+ Kc6
54. Qf1 Kb6 55. Qxf2+ Kc6 56. Ra6+ Kd7 57. Qa7+ Kc8 58. Rf8# {Black checkmated}
1-0

[Event "Team 45 45 League T33"]
[Site "Internet Chess Club"]
[Date "2007.05.06"]
[Round "3"]
[White "Fidelian"]
[Black "gessie7"]
[Result "1-0"]
[WhiteElo "1272"]
[BlackElo "1351"]
[ECO "C68"]
[TimeControl "2700+45"]

1. e4 e5 2. Nf3 Nc6 3. Bb5 a6 4. Bxc6 bxc6 5. d4 exd4 6. Qxd4 d5 7. e5 c5 8. Qh4
Be7 9. Qg3 g6 10. O-O d4 11. Bg5 f6 12. exf6 Bxf6 13. Re1+ Be7 14. Qe5 Kd7 15.
Qxh8 Bxg5 16. Nxg5 Bb7 17. Qxh7+ Kc8 18. Qxg6 Ne7 19. Qe6+ Kb8 20. Qxe7 Qd5 21.
f3 Ka7 22. Re5 Qg8 23. Qxc5+ Kb8 24. Qxd4 Kc8 25. Nd2 a5 26. Rae1 Bc6 27. Qc4
Qg6 28. Qe6+ {Black resigns} 1-0

[Event "Team 45 45 League T33"]
[Site "Internet Chess Club"]
[Date "2007.05.04"]
[Round "3"]
[White "Midwest-Rook"]
[Black "hotzoddy"]
[Result "0-1"]
[WhiteElo "1293"]
[BlackElo "1452"]
[ECO "C08"]
[TimeControl "2700+45"]

1. e4 e6 2. d4 d5 3. Nd2 c5 4. exd5 exd5 5. Ngf3 cxd4 6. Nxd4 Nf6 7. Bb5+ Bd7 8.
Qe2+ Qe7 9. Qxe7+ Bxe7 10. Nf5 Bxb5 11. Nxg7+ Kf8 12. Nf5 Bc5 13. g3 Nc6 14. Nb3
Re8+ 15. Kd1 Be2+ 16. Kd2 Bxf2 17. Kc3 Ne4# {White checkmated} 0-1

[Event "Team 45 45 League T33"]
[Site "Internet Chess Club"]
[Date "2007.05.04"]
[Round "3"]
[White "Mfalme"]
[Black "markev"]
[Result "0-1"]
[WhiteElo "1343"]
[BlackElo "1361"]
[ECO "B21"]
[TimeControl "2700+45"]

1. e4 c5 2. d4 cxd4 3. Qxd4 Nc6 4. Qe3 e5 5. Nc3 Nf6 6. Bd2 Be7 7. O-O-O a6 8.
Nf3 Ng4 9. Qe1 O-O 10. Nd5 Bc5 11. Ne3 Nf6 12. Bc3 Qb6 13. Nxe5 Nb4 14. Kb1 a5
15. N3c4 Qe6 16. f4 b5 17. Na3 Qxa2+ 18. Kc1 d6 19. Nf3 Re8 20. Bxf6 Bf5 21. Qg3
Bg6 22. f5 gxf6 23. fxg6 fxg6 24. Bxb5 Be3+ 25. Nd2 Qa1+ {White resigns} 0-1